 Dungeon Crawl Stone Soup version 0.27-a0-385-g3208abaabc (webtiles) character file.

Game seed: 16049407336725736866

3559 lunkers the Geomancer (level 9, -7/62 HPs)
             Began as a Demigod Earth Elementalist on Feb 17, 2021.
             Mangled by a two-headed ogre
             ... wielding a +0 dire flail
              (18 damage)
             ... on level 8 of the Dungeon on Feb 18, 2021.
             The game lasted 00:18:17 (10317 turns).

lunkers the Geomancer (Demigod Earth Elementalist) Turns: 10317, Time: 00:18:17

Health: -7/62      AC:  4    Str:  9    XL:     9   Next: 54%
Magic:  11/23      EV: 13    Int: 32    God:
Gold:   203        SH:  0    Dex: 20    Spells: 7/22 levels left

rFire    + . .     SeeInvis .   p - +5 short sword "Beast's Curse" {venom, rElec Int+3}
rCold    . . .     Faith    .   (no shield)
rNeg     . . .     Spirit   .   c - +0 robe
rPois    .         Reflect  .   (no helmet)
rElec    +         Harm     .   B - +0 cloak
rCorr    .         Rampage  .   n - +0 pair of gloves
Will     .....                  (no boots)
Stlth    ++........             (no amulet)
HPRegen  0.20/turn              k - ring of protection from fire
MPRegen  0.18/turn              C - +6 ring of dexterity

@: no status effects
A: high mp 1
a: no special abilities


You were on level 8 of the Dungeon.
You visited 1 branch of the dungeon, and saw 9 of its levels.

You collected 323 gold pieces.
You spent 120 gold pieces at shops.

Inventory:

Hand Weapons
 p - the +5 short sword "Beast's Curse" (weapon) {venom, rElec Int+3}
   (You found it on level 4 of the Dungeon)

   It poisons the flesh of those it strikes.
   It affects your intelligence (+3).
   It insulates you from electricity.
Missiles
 b - 268 stones
Armour
 c - a +0 robe (worn)
 n - a +0 pair of gloves (worn)
 B - a +0 cloak (worn)
Jewellery
 k - a ring of protection from fire (left hand)
 q - a ring of see invisible
 C - a +6 ring of dexterity (right hand)
Wands
 s - a wand of iceblast (12)
 x - a wand of charming (11)
 y - a wand of mindburst (9)
 A - a wand of flame (23)
Scrolls
 d - a scroll of immolation {unknown}
 e - 2 scrolls of enchant weapon {unknown}
 f - 5 scrolls of amnesia {unknown}
 g - a scroll of fear {unknown}
 h - 3 scrolls of enchant armour {unknown}
 i - a scroll of random uselessness {unknown}
 j - a scroll of identify
 m - 2 scrolls of blinking {unknown}
 o - 3 scrolls of magic mapping {unknown}
 t - a scroll of fog {unknown}
 v - a scroll of teleportation {unknown}
 F - a scroll of vulnerability {unknown}
Potions
 a - 2 potions of attraction
 l - 3 potions of heal wounds
 r - a potion of brilliance
 u - a potion of curing
 w - a potion of haste
 z - a potion of mutation
 D - a potion of flight
 E - a potion of lignification


   Skills:
 - Level 1.7 Dodging
 - Level 1.7 Stealth
 + Level 7.0 Spellcasting
 - Level 0.8 Transmutations
 * Level 10.9 Earth Magic


You had 7 spell levels left.
You knew the following spells:

 Your Spells              Type           Power        Failure   Level
a - Stone Arrow           Conj/Erth      92%          1%          3
b - Passwall              Tmut/Erth      40%          1%          2
c - Sandblast             Erth           100%         1%          1
d - Lee's Rapid Deconstr  Erth           34%          1%          5
e - Petrify               Tmut/Erth      48%          3%          4

Your spell library contained the following spells:

 Spells                   Type           Power        Failure   Level
 Bolt of Magma            Conj/Fire/Erth 17%          26%         5
 Summon Ice Beast         Ice/Summ       11%          38%         4
 Summon Lightning Spire   Summ/Air       11%          38%         4
 Freezing Cloud           Conj/Ice/Air   5%           99%         6


Dungeon Overview and Level Annotations

Branches:
Dungeon (9/15)             Temple (0/1) D:7
   Lair: D:8-11         Orc: D:9-12

Shops:
D:6 *   D:8 *


Innate Abilities, Weirdness & Mutations

You have an increased reservoir of magic. (+10% MP)


Message History

Magic restored.
You enter the shallow water.
Moving in this stuff is going to be slow.
A two-headed ogre comes into view.
It is wielding a +0 dire flail and a +0 giant club.
The two-headed ogre shouts in stereo!
A two-headed ogre is nearby!
A two-headed ogre is nearby!
A two-headed ogre is nearby!
A bullfrog comes into view.
A leopard gecko skeleton comes into view.
The leopard gecko skeleton moves out of view.
Casting: Stone Arrow (safe; 1% risk of failure)
Confirm with . or Enter, or press ? or * to list all spells.
The stone arrow hits the two-headed ogre!
The two-headed ogre is moderately wounded.
Casting: Stone Arrow (safe; 1% risk of failure)
Confirm with . or Enter, or press ? or * to list all spells.
The stone arrow misses the two-headed ogre.
The two-headed ogre hits you with a +0 dire flail!
The two-headed ogre hits you with a +0 giant club!!
* * * LOW HITPOINT WARNING * * *
Casting: Stone Arrow (safe; 1% risk of failure)
Confirm with . or Enter, or press ? or * to list all spells.
Aiming: Stone Arrow (safe; 1% risk of failure)
Press: ? - help, Shift-Dir - straight line, f/p - two-headed ogre
Aim: a two-headed ogre, wielding a +0 dire flail and a +0 giant club (moderately wounded, 11% to evade)
The stone arrow hits the two-headed ogre!
The two-headed ogre is heavily wounded.
The two-headed ogre hits you with a +0 dire flail!!
* * * LOW HITPOINT WARNING * * *
The two-headed ogre barely misses you.
Casting: Stone Arrow (safe; 1% risk of failure)
Confirm with . or Enter, or press ? or * to list all spells.
Aiming: Stone Arrow (safe; 1% risk of failure)
Press: ? - help, Shift-Dir - straight line, f/p - two-headed ogre
Aim: a two-headed ogre, wielding a +0 dire flail and a +0 giant club (heavily wounded, 11% to evade)
The stone arrow hits the two-headed ogre!!
The two-headed ogre is almost dead.
The two-headed ogre hits you with a +0 dire flail!!
You die...

........................>........
.....P.≈≈........................
....≈≈P≈P≈≈......................
...≈.≈≈≈≈PP......................
...P≈≈≈≈≈≈≈......................
....≈♣♣♣≈≈P........<.............
....≈≈≈♣≈≈≈P....Z........#.######
..≈≈♣≈♣≈♣♣≈.P.................##
≈≈≈≈≈≈♣P≈...@........#.....#
♣≈≈≈≈≈≈♣....O........#.....#
≈≈.P..≈≈PP...........#.....#
.....≈P≈≈.≈..........#.(...##
≈#####≈≈♣≈≈########.##.....'.
#....P≈≈P≈P# #. #.....##
#...!P.≈PP≈# #. #.....#
#.?...PP≈≈≈# #.....# #.....#P.≈≈#
#.......


You could see a two-headed ogre and a leopard gecko skeleton.

Vanquished Creatures
  Prince Ribbit (D:5)
  Eustachio (D:5)
  Menkaure (D:6)
  3 sky beasts
  An ice beast (D:5)
  A hornet zombie (D:8)
  A necrophage (D:7)
  An ogre (D:6)
  4 centaurs
  3 phantoms
  A kobold brigand (D:6)
  2 bullfrogs (D:8)
  A gnoll sergeant (D:7)
  2 scorpions
  2 howler monkeys (D:8)
  4 wights (D:7)
  4 electric eels (D:8)
  A quasit (D:6)
  2 bullfrog zombies (D:8)
  6 hounds
  Crazy Yiuf (D:6)
  A bullfrog skeleton (D:5)
  An iguana (D:7)
  2 jellies
  2 centaur skeletons
  3 orc wizards
  7 worker ants
  A hound skeleton (D:6)
  2 worker ant zombies (D:7)
  12 adders
  9 gnolls
  A howler monkey skeleton (D:6)
  A shadow imp (D:4)
  3 white imps
  3 ufetubi
  4 oozes
  An adder skeleton (D:4)
  2 adder zombies
  3 worms
  2 dart slugs
  3 leopard geckos
  21 orcs
  3 ball pythons
  4 giant cockroaches
  7 goblins
  6 hobgoblins
  8 jackals
  27 kobolds
  3 quokkas
  3 bats
  6 frilled lizards
  3 goblin skeletons (D:6)
  3 hobgoblin zombies (D:6)
  2 kobold skeletons (D:6)
  2 kobold zombies (D:6)
  A leopard gecko skeleton (D:5)
  3 orc skeletons (D:6)
  A quokka zombie (D:6)
  4 rats
213 creatures vanquished.

Vanquished Creatures (others)
  A kobold (D:3)
  A quokka (D:3)
  91 plants
93 creatures vanquished.

Grand Total: 306 creatures vanquished

Notes
Turn   | Place    | Note
-------+----------+-------------------------------------------
     0 | D:1      | lunkers the Demigod Earth Elementalist began the quest for
                  | the Orb.
     0 | D:1      | Reached XP level 1. HP: 14/14 MP: 5/5
   177 | D:1      | Reached skill level 3 in Earth Magic
   278 | D:1      | Reached XP level 2. HP: 20/20 MP: 5/7
  1117 | D:2      | Upgraded the game from 0.27-a0-380-g150de4c316 to
                  | 0.27-a0-385-g3208abaabc
  1277 | D:2      | Reached XP level 3. HP: 26/26 MP: 7/9
  1513 | D:2      | Learned a level 2 spell: Passwall
  1523 | D:2      | Learned a level 3 spell: Stone Arrow
  1866 | D:3      | Found a white marble altar of Elyvilon.
  2018 | D:3      | Reached skill level 4 in Earth Magic
  2262 | D:3      | Reached XP level 4. HP: 33/33 MP: 7/10
  2435 | D:3      | Found an opulent altar of Gozag.
  2496 | D:3      | Noticed a phantom
  2506 | D:3      | Killed a phantom
  2507 | D:3      | Reached XP level 5. HP: 11/38 MP: 3/12
  3029 | D:4      | Reached skill level 5 in Earth Magic
  3266 | D:4      | Got a fine short sword
  3275 | D:4      | Identified the +5 short sword "Beast's Curse" {venom, rElec
                  | Int+3} (You found it on level 4 of the Dungeon)
  3552 | D:4      | Reached XP level 6. HP: 41/45 MP: 12/14
  4051 | D:5      | Entered Level 5 of the Dungeon
  4054 | D:5      | Reached skill level 6 in Earth Magic
  4159 | D:5      | Reached XP level 7. HP: 50/50 MP: 6/16
  4790 | D:5      | Noticed Prince Ribbit
  4794 | D:5      | Reached skill level 7 in Earth Magic
  4845 | D:5      | Killed Prince Ribbit
  5108 | D:5      | Noticed Eustachio
  5115 | D:5      | Killed Eustachio
  5116 | D:5      | Reached skill level 5 in Spellcasting
  5116 | D:5      | Reached skill level 8 in Earth Magic
  5116 | D:5      | Reached XP level 8. HP: 57/57 MP: 8/19
  5798 | D:6      | Found Yfuurump's Assorted Antiques.
  6089 | D:6      | Bought a coppery potion for 27 gold pieces
  6089 | D:6      | Bought a scroll labelled MEDEQI SULUHENT for 31 gold pieces
  6089 | D:6      | Bought a scroll labelled LEPTOME VUCSAO for 31 gold pieces
  6089 | D:6      | Bought a scroll labelled YGHYGR ACAOGES for 31 gold pieces
  6096 | D:6      | Found a glowing golden altar of the Shining One.
  6362 | D:6      | Found a glowing golden altar of the Shining One.
  6636 | D:6      | Reached skill level 9 in Earth Magic
  6755 | D:6      | Found a snail-covered altar of Cheibriados.
  6759 | D:6      | Found a burning altar of Makhleb.
  7360 | D:6      | Noticed Menkaure
  7364 | D:6      | Killed Menkaure
  7517 | D:6      | Found a runed translucent door.
  7518 | D:6      | Noticed Crazy Yiuf
  7879 | D:6      | Killed Crazy Yiuf
  7951 | D:7      | Learned a level 5 spell: Lee's Rapid Deconstruction
  7956 | D:7      | Learned a level 4 spell: Petrify
  8073 | D:7      | Reached XP level 9. HP: 53/62 MP: 17/22
  8174 | D:7      | Identified the Collected Works on Destructive Calling
  8344 | D:7      | Found a broken altar of Ashenzari.
  8430 | D:7      | Reached skill level 10 in Earth Magic
  8496 | D:7      | Found a staircase to the Ecumenical Temple.
  9989 | D:8      | Found a shadowy altar of Dithmenos.
 10118 | D:8      | Found Cioxub's Assorted Antiques.
 10307 | D:8      | Noticed a two-headed ogre
 10317 | D:8      | Mangled by a two-headed ogre

Illustrated notes

Levels and vault maps discovered:
D:1:      lemuel_arrival_river_bridge, layout_basic, due_unseen_surprise
D:2:      layout_basic
D:3:      layout_loops_ring, elyvilon_altar_4, amcnicky_mini_pool_small,
          minivault_11, nicolae_gozag_cash_rules_everything_around_me
D:4:      layout_basic
D:5:      layout_rooms, uniq_prince_ribbit1, uniq_eustachio
D:6:      kennysheep_kobold_camp, layout_basic, nicolae_tso_besieged_by_evil,
          nicolae_overflow_hidden_temple, serial_shops, nicolae_shop_trees,
          basic_altar, uniq_crazy_yiuf_cottage, uniq_menkaure
D:7:      layout_loops_ring, general_overflow_altar,
          minmay_temple_entry_sparse_star, st_stairs_12,
          kennysheep_generic_room_4
D:8:      layout_basic, kennysheep_mini_moat, serial_shops,
          nicolae_shop_overgrown_old_shop, serial_bayou, serial_bayou_shore_b,
          serial_bayou_lagoon_a, serial_bayou_lake_a, serial_bayou_shore_b
D:9:      layout_basic, uniq_harold

Skill      XL: |  1  2  3  4  5  6  7  8  9 |
---------------+----------------------------+-----
Earth Magic    | 3 4 5 6 8 9 10 | 10.9
Spellcasting   | 2 3 4 5 6 7 |  7.0
Dodging        | |  1.7
Stealth        | |  1.7
Transmutations | |  0.8

Action                   |  1- 3 |  4- 6 |  7- 9 || total
-------------------------+-------+-------+-------++-------
Melee: Short sword       |       |    23 |    59 ||    82
 Cast: Sandblast         |    71 |    47 |    11 ||   129
       Stone Arrow       |       |     7 |   173 ||   180
  Use: Scroll            |       |       |     8 ||     8
Armor: Robe              |     2 |     3 |    22 ||    27
Dodge: Dodged            |    11 |    11 |    85 ||   107

Table legend: (Time is in decaauts)
 A = Elapsed time spent in this place.
 B = Non-inter-level travel time spent in this place.
 C = Inter-level travel time spent in this place.
 D = Time resting spent in this place.
 E = Time spent auto-exploring this place.
 F = Levels seen in this place.
 G = Mean time per level.
                   A        B        C        D        E       F      G
               +--------+--------+--------+--------+--------+-----+--------+
         Total |  10341 |  10124 |    217 |    540 |   8287 |   9 | 1149.0 |
       Dungeon |  10341 |  10124 |    217 |    540 |   8287 |   9 | 1149.0 |
               +--------+--------+--------+--------+--------+-----+--------+

Top non-repeatable levels by time:
     D:6: 2337 daAuts
     D:5: 1470 daAuts
     D:7: 1459 daAuts
     D:3: 1168 daAuts
     D:4: 1165 daAuts
     D:2: 936 daAuts
     D:8: 934 daAuts
     D:1: 866 daAuts
     D:9: 1 daAuts
